 Dungeon Crawl Stone Soup version 0.20.0 (webtiles) character file.

168 MatthieuS the Conjurer (level 5, -2/28 HPs)
             Began as a Deep Elf Conjurer on June 13, 2017.
             Killed from afar by a white imp (5 damage)
             ... with a puff of frost
             ... summoned by Natasha
             ... on level 3 of the Dungeon.
             The game lasted 00:08:15 (3031 turns).

MatthieuS the Conjurer (Deep Elf Conjurer)          Turns: 3031, Time: 00:08:16

Health: -2/28      AC:  3    Str:  6    XL:     5   Next: 23%
Magic:  7/13       EV: 12    Int: 20    God:
Gold:   234        SH:  0    Dex: 15    Spells: 3/13 levels left

rFire    . . .     SeeInvis +   n - +0 dagger (venom)
rCold    . . .     Gourm    +   (no shield)
rNeg     . . .     Faith    .   o - +0 leather armour
rPois    .         Spirit   .   (no helmet)
rElec    .         Reflect  .   (no cloak)
rCorr    +         Harm     .   (no gloves)
MR       .....                  (no boots)
Stlth    ++........             i - amulet of the gourmand
Regen    0.1/turn               h - ring of resist corrosion
MPRegen  0.2/turn               (no ring)

@: about to teleport, slowed, very slow
A: see invisible
a: no special abilities


You were on level 3 of the Dungeon.
You were completely stuffed.

You visited 1 branch of the dungeon, and saw 3 of its levels.

You collected 234 gold pieces.

Inventory:

Hand Weapons
 n - a +0 dagger of venom (weapon)
 t - a +0 halberd
Armour
 a - a +0 robe
 o - a +0 leather armour (worn)
Jewellery
 e - an uncursed ring of fire
 h - a ring of resist corrosion (left hand)
 i - an amulet of the gourmand (around neck)
Wands
 q - a wand of polymorph (14/24)
Scrolls
 g - a scroll of recharging
 j - a scroll of enchant weapon {unknown}
 m - 3 scrolls of remove curse
Potions
 f - 2 potions of mutation
 k - a potion of brilliance {unknown}
 p - a potion of heal wounds {unknown}
 s - a potion of haste {unknown}
Books
 b - a book of Conjurations

   Spells                             Type                      Level
   a - Magic Dart                     Conjuration                  1
   b - Searing Ray                    Conjuration                  2
   c - Dazzling Spray                 Conjuration/Hexes            3
   d - Fulminant Prism                Conjuration/Hexes            4
   e - Force Lance                    Conjuration/Translocation    4
   f - Iskenderun's Mystic Blast      Conjuration                  4
Comestibles
 c - 5 bread rations
 d - 6 fruits
 l - a royal jelly
 u - 2 chunks of flesh


   Skills:
 - Level 2.4 Dodging
 - Level 2.4 Stealth
 + Level 4.5 Spellcasting
 * Level 6.6 Conjurations


You had 3 spell levels left.
You knew the following spells:

 Your Spells              Type           Power        Failure   Level  Hunger
a - Magic Dart            Conj           ####         1%          1    None
b - Searing Ray           Conj           ####..       1%          2    #......
c - Dazzling Spray        Conj/Hex       ###...       14%         3    ##.....
d - Fulminant Prism       Conj/Hex       ###.......   43%         4    ####...


Dungeon Overview and Level Annotations

Branches:
Dungeon (3/15)

Altars:
Hepliaklqana

Annotations:
D:3 Natasha


Innate Abilities, Weirdness & Mutations

You have supernaturally acute eyesight. (SInv)


Message History

The magic dart hits you!
* * * LOW HITPOINT WARNING * * *
The white imp gestures at you. The puff of frost hits you! You resist.
* * * LOW HITPOINT WARNING * * *
Your transformation has ended.
Your +0 dagger of venom unmelds from your body.
Your +0 leather armour unmelds from your body.
Your ring of resist corrosion unmelds from your body.
Your amulet of the gourmand unmelds from your body.
Your +0 dagger of venom begins to drip with poison!
You feel a craving for the dungeon's cuisine.
The crimson imp blinks!
Natasha mumbles some strange words.
There is an open door here.
As you read the scroll of teleportation, it crumbles to dust.
You feel strangely unstable. The white imp gestures at you.
The puff of frost hits you!
You die...

#.#.#...#.# ####.........#
#...###.5###.##.#.###<#)#
.#.#..# #..h........# #.#.#
#.##..###..#......#####.#.#
#.##.#...####...#.......#.#
#.##.##### ##.##########.#
#.##.# #.# #)# #.##.# #.# #[#
.##.##.# ##@## #.# .......#
##...## #.# ###.#### ##..5h.##
##)#### #.##.######......5##
##.....#
###........#.....5...####...##.#
...........).........[.......#.#
###.#...##.#.........####.>.##.#
#.....##.##.......## ##.###.#
#.###.##.##......## ### #.#


You could see Natasha, a crimson imp and 2 white imps.

Vanquished Creatures
  Jessica (D:2)
  Natasha (D:3)
  3 gnolls (D:3)
  2 adders (D:3)
  An ooze (D:3)
  5 dart slugs
  6 orcs (D:3)
  8 bats
  4 giant cockroaches
  5 goblins
  2 hobgoblins
  5 kobolds
  A quokka (D:2)
  3 ball pythons
  4 frilled lizards
  3 rats
54 creatures vanquished.

Notes
Turn   | Place    | Note
-------+----------+-------------------------------------------
     0 | D:1      | MatthieuS the Deep Elf Conjurer began the quest for the Orb.
     0 | D:1      | Reached XP level 1. HP: 10/10 MP: 6/6
   242 | D:1      | Reached XP level 2. HP: 15/15 MP: 6/8
  1042 | D:2      | Reached skill level 5 in Conjurations
  1334 | D:2      | Reached XP level 3. HP: 19/19 MP: 5/10
  1366 | D:2      | Noticed Jessica
  1371 | D:2      | Killed Jessica
  1594 | D:3      | Reached XP level 4. HP: 22/24 MP: 8/12
  1598 | D:3      | Learned a level 2 spell: Searing Ray
  1692 | D:3      | Learned a level 3 spell: Dazzling Spray
  1697 | D:3      | Learned a level 4 spell: Fulminant Prism
  1706 | D:3      | Reached skill level 6 in Conjurations
  1894 | D:3      | Noticed Natasha
  1901 | D:3      | Killed Natasha
  1901 | D:3      | Reached XP level 5. HP: 19/28 MP: 6/13
  1997 | D:3      | Gained mutation: You are clumsy. (Dex -2) [potion of mutation]
  1997 | D:3      | Lost mutation: You are clumsy. (Dex -2) [potion of mutation]
  1997 | D:3      | Gained mutation: You have supernaturally acute eyesight. (SInv) [potion of mutation]
  2088 | D:3      | Noticed Natasha
  2615 | D:3      | Found a hazy altar of Hepliaklqana.
  3031 | D:3      | Killed from afar by a white imp

Skill      XL: |  1  2  3  4 |
---------------+-------------+-----
Conjurations   | 5 6 |  6.6
Spellcasting   | 4 |  4.5
Dodging        | |  2.4
Stealth        | |  2.4

Action                   |  1- 3 |  4- 6 || total
-------------------------+-------+-------++-------
Melee: Halberd           |       |     2 ||     2
 Cast: Magic Dart        |    62 |    60 ||   122
       Searing Ray       |       |     2 ||     2
  Use: Scroll            |       |     7 ||     7
       Potion            |       |     1 ||     1
  Eat: Chunk             |    14 |     4 ||    18
Armor: Leather armour    |     1 |     4 ||     5
Dodge: Dodged            |     9 |     4 ||    13
